Map: Lerilak Crest

Players

Mars

  • Race: Terran Terran
  • League: Bronze

SticklerMac - Winner!

  • Race: Zerg Zerg
  • League: Bronze

VOD

Have the link to the VOD?

Description

Time

  • Played on: Aug. 11, 2015, 8:04 p.m.
  • Length: 4:30
Show
View Real Time Build Order
Export as new Build Order

Mars Terran 

Build Orders: Command Center First (CC) 

Get SALT Encoding   

  12  0:01  SCV  
  13  0:13  SCV  
  14  0:28  Supply Depot  
  14  0:32  SCV  
  15  0:49  SCV  
  16  0:58  Command Center  
  16  1:05  Refinery  
  16  1:06  SCV  
  18  1:18  SCV  
  18  1:28  Barracks  
  18  1:32  Barracks  
  18  1:36  SCV  
  19  1:48  SCV  
  20  2:00  SCV  
  21  2:12  SCV  
  22  2:16  Marine  
  22  2:20  Orbital Command  
  22  2:21  Marine  
  24  2:25  Factory  
  24  2:28  Orbital Command  
  24  2:42  Marine x2  
  26  2:51  SCV  
  27  2:56  SCV  
  28  3:02  Marine x2  
  28  3:03  SCV  
  31  3:08  SCV  
  31  3:12  Starport  
  32  3:15  SCV, Refinery  
  33  3:20  SCV  
  33  3:27  SCV  
  33  3:30  Supply Depot x2  
  33  3:31  Supply Depot  
  34  3:37  Marine  
  34  3:38  Marine  
  34  3:39  SCV  
  34  3:40  Widow Mine  
  30  3:50  Medivac  
  30  3:53  SCV  
  30  3:55  Barracks, Marine  
  29  4:05  SCV  
  32  4:17  SCV  
Show
View Real Time Build Order
Export as new Build Order

SticklerMac Zerg - Winner!

Build Orders: Hatch First 

Get SALT Encoding   

  12  0:01  Drone  
  13  0:13  Overlord  
  13  0:17  Drone  
  14  0:31  Drone x2  
  16  0:52  Hatchery  
  16  0:53  Drone  
  16  0:56  Drone  
  17  1:11  Spawning Pool  
  17  1:13  Drone  
  17  1:18  Drone  
  18  1:30  Extractor  
  18  1:31  Drone x2  
  19  1:47  Drone  
  19  1:52  Overlord  
  20  1:58  Queen  
  22  2:04  Queen  
  22  2:05  Drone x2  
  26  2:15  Zergling x2  
  27  2:17  Zergling x2  
  28  2:23  Zergling x2  
  28  2:29  Metabolic Boost  
  29  2:30  Zergling x2  
  29  2:36  Zergling x2  
  32  2:37  Zergling x2  
  32  2:44  Zergling x2  
  33  2:51  Zergling x2  
  34  2:54  Baneling Nest, Zergling x2  
  34  3:00  Zergling x2  
  34  3:05  Zergling x2  
  35  3:25  Overlord x2  
  35  3:26  Overlord  
  35  3:39  Overlord x2  
  34  3:45  Zergling x2  
  34  3:46  Zergling x8  
  39  3:50  Zergling x2  
  40  3:59  Zergling x4  
  42  4:06  Zergling x14  
  42  4:07  Zergling x2  
Tags
 
Add a new tag
Caveats
  • Supply blocks, unpowered buildings, or Contaminate may cause inaccurate times.
  • Supply counts are checked every 10 seconds.